AoeStats
← thankyouwalkoss

Arabia

503335225Analyzed
1v1 RM · 1mo ago on Aug 31, 2026· 45m 26s· 2 players
Game mode
Random Map
Map size
Tiny (2 player)
Population
200
Speed
Normal
Resources
Standard
Victory
Conquest
Starting age
Dark Age
Ending age
Imperial Age
RankedLock teamsTeams togetherTeam positionsShared explorationLock speedFull tech treeHidden civsTurbo modeCheats
Victory
Defeat
🇰🇬 Mongols · Kyrgyzstan
1110
+15
🇦🇺 Chinese · Australia
1092
-15
Fus
0:27 Loom
9:35 Feudal Age
10:24 Double-Bit Axe
14:11 Horse Collar
20:41 Castle Age
20:14 Bloodlines
21:01 Gold Mining
23:06 Husbandry
25:10 Scale Barding Armor
25:15 Forging
28:00 Stone Mining
28:58 Forging
30:57 Chain Barding Armor
31:13 Iron Casting
33:17 Iron Casting
36:44 Wheelbarrow
36:45 Heavy Plow
37:41 Hand Cart
41:44 Imperial Age
39:44 Fletching
39:54 Padded Archer Armor
40:48 Bodkin Arrow
41:34 Elite Skirmisher
42:00 Cavalier
43:22 Plate Barding Armor
43:48 Blast Furnace
43:04 Leather Archer Armor
thankyouwalkoss
5:51 Loom
8:38 Feudal Age
10:18 Double-Bit Axe
10:46 Horse Collar
11:18 Town Watch
18:36 Gold Mining
21:36 Castle Age
22:09 Forging
22:04 Scale Barding Armor
22:09 Forging
22:11 Bloodlines
22:35 Bow Saw
22:26 Heavy Plow
23:03 Gold Shaft Mining
22:19 Stone Mining
23:38 Iron Casting
23:55 Chain Barding Armor
29:42 Fletching
30:12 Husbandry
34:25 Wheelbarrow
33:52 Town Patrol
36:51 Stone Shaft Mining
36:46 Bodkin Arrow
36:51 Padded Archer Armor
37:29 Hand Cart
39:56 Imperial Age
38:32 Leather Archer Armor
38:27 Thumb Ring
38:52 Ballistics
38:44 Masonry
40:47 Siege Engineers
41:43 Chemistry
40:45 Bracer
41:49 Blast Furnace
40:29 Heavy Camel Rider
40:33 Heavy Cavalry Archer
41:41 Parthian Tactics
41:39 Conscription
41:20 Nomads
43:45 Murder Holes
45:25 Drill
45:28 Herbal Medicine
Connection lost

Rejoining the realm…

Still unreachable

The connection could not be restored.

Session expired

The server has moved on; the page needs a fresh start.